 Dungeon Crawl Stone Soup version 0.25.1-2-g60ff931df9 (webtiles) character file.

Game seed: 3546328831566940647

312 DogServant the Digger (level 6, -1/33 HPs)
             Began as a Gargoyle Earth Elementalist on Oct 12, 2020.
             Was an Initiate of Vehumet.
             Killed from afar by Blork the orc (6 damage)
             ... with a puff of frost
             ... on level 4 of the Dungeon.
             The game lasted 00:06:42 (3869 turns).

DogServant the Digger (Gargoyle Earth Elementalist) Turns: 3869, Time: 00:06:43

Health: -1/33      AC:  7    Str: 12    XL:     6   Next: 42%
Magic:  5/11       EV: 12    Int: 17    God:    Vehumet [......]
Gold:   140        SH:  0    Dex: 10    Spells: 8/12 levels left

rFire    + . .     SeeInvis .   e - +1 short sword (protect)
rCold    . . .     Gourm    .   (no shield)
rNeg     + . .     Faith    .   c - +0 robe
rPois    ∞         Spirit   .   (no helmet)
rElec    +         Reflect  .   g - +0 cloak
rCorr    .         Harm     .   (no gloves)
MR       .....                  (no boots)
Stlth    ++........             (no amulet)
HPRegen  0.11/turn              f - ring of poison resistance
MPRegen  0.12/turn              k - ring of protection from fire

@: no status effects
A: negative energy resistance 1, electricity resistance, unbreathing,
petrification resistance, rot immunity, AC +4
a: Renounce Religion


You were on level 4 of the Dungeon.
You worshipped Vehumet.
Vehumet was noncommittal.
You were not hungry.

You visited 2 branches of the dungeon, and saw 5 of its levels.

You collected 140 gold pieces.

Inventory:

Hand Weapons
 e - a +1 short sword of protection (weapon)
 s - a +0 flail
Missiles
 b - 57 stones (quivered)
Armour
 c - a +0 robe (worn)
 g - a +0 cloak (worn)
 n - a +0 pair of boots
 t - a +0 leather armour
Jewellery
 f - a ring of poison resistance (left hand)
 k - a ring of protection from fire (right hand)
Scrolls
 a - 5 scrolls of remove curse
 h - a scroll of teleportation {unknown}
 i - a scroll of fear {unknown}
 j - 3 scrolls of identify
 l - 2 scrolls of fog
 p - 2 scrolls of enchant armour {unknown}
 r - a scroll of random uselessness {unknown}
Potions
 m - a potion of stabbing {unknown}
 o - a potion of curing {unknown}
 q - 3 potions of brilliance {unknown}
 v - a potion of ambrosia {unknown}
Comestibles
 d - 10 rations


   Skills:
 + Level 0.6 Fighting
 + Level 0.9 Armour
 - Level 1.7 Dodging
 - Level 2.1 Stealth
 + Level 3.9 Spellcasting
 + Level 2.9 Conjurations
   Level 0.7 Transmutations
 + Level 5.7 Earth Magic


You had 8 spell levels left.
You knew the following spells:

 Your Spells              Type           Power        Failure   Level  Hunger
a - Sandblast             Erth           ###...       1%          1    None
b - Stone Arrow           Conj/Erth      ###...       8%          3    ###....

Your spell library contained the following spells:

 Spells                   Type           Power        Failure   Level  Hunger
 Passwall                 Tmut/Erth      ##......     6%          2    ##.....
 Petrify                  Tmut/Erth      ##......     38%         4    ####...
 Lee's Rapid Deconstruct  Erth           ###.......   38%         5    ######.


Dungeon Overview and Level Annotations

Branches:
Dungeon (4/15)             Temple (1/1) D:4

Altars:
Hepliaklqana
Makhleb
Qazlal
Uskayaw
Vehumet
Wu Jian
Yredelemnul
Zin
The Shining One

Annotations:
D:4 1 runed translucent door, Blork the orc, Crazy Yiuf


Innate Abilities, Weirdness & Mutations

You are resistant to torment.
Your stone body is resilient. (AC +4)
You are immune to poison.
You resist negative energy. (rN+)
You are resistant to electric shocks. (rElec)
You can survive without breathing.
You are immune to petrification.
You are immune to rotting.


Message History

Confirm with . or Enter, or press ? or * to list all spells.
Aiming: Sandblast (safe; 1% risk of failure)
Press: ? - help, Shift-Dir - straight line The blast of sand hits something.
b - 58 stones Something barely misses you.
You hear some strange, mumbled words.
A puff of flame appears from out of thin air!
The puff of flame hits you. You resist.
* * * LOW HITPOINT WARNING * * *
Casting: Sandblast (safe; 1% risk of failure)
Confirm with . or Enter, or press ? or * to list all spells.
Aiming: Sandblast (safe; 1% risk of failure)
Press: ? - help, Shift-Dir - straight line The blast of sand hits something.
b - 57 stones You hear some strange, mumbled words.
A puff of frost appears from out of thin air!
The puff of frost hits you.
You die...

.. #.. #... ♣
..... ♣♣
#..... ♣.
#...... #.
##gg..... ##+
##{rgg....
#..
##@#ggZ....
#..
###)##..ggg..
##. ##..##
g...g.. #.
##..##
.g..g.. ##
##..##
g?g....
..#####..##
.......
........###
Z......
.#####....#
#.....# .


You could see a quokka, a hobgoblin and 3 goblins.

Vanquished Creatures
  2 orc priests
  An orc wizard (D:3)
  2 worker ants (D:4)
  Natasha (D:2)
  Robin (D:4)
  4 gnolls (D:3)
  An adder (D:4)
  An adder skeleton (D:4)
  A worm (D:2)
  3 dart slugs
  2 leopard geckos (D:2)
  6 orcs
  8 bats
  4 giant cockroaches
  9 goblins
  9 hobgoblins
  6 jackals
  A quokka (D:2)
  3 frilled lizards
  8 kobolds
  7 rats
80 creatures vanquished.

Notes
Turn   | Place    | Note
-------+----------+-------------------------------------------
     0 | D:1      | DogServant the Gargoyle Earth Elementalist began the quest
                  | for the Orb.
     0 | D:1      | Reached XP level 1. HP: 10/10 MP: 3/3
   222 | D:1      | Reached XP level 2. HP: 15/15 MP: 5/5
   286 | D:1      | Reached skill level 4 in Earth Magic
   515 | D:1      | Reached XP level 3. HP: 14/19 MP: 4/6
  1029 | D:2      | Learned a level 3 spell: Stone Arrow
  1594 | D:2      | Noticed Natasha
  1601 | D:2      | Killed Natasha
  1601 | D:2      | Reached skill level 1 in Conjurations
  1601 | D:2      | Reached XP level 4. HP: 24/24 MP: 6/8
  2637 | D:3      | Reached skill level 5 in Earth Magic
  2637 | D:3      | Reached XP level 5. HP: 18/28 MP: 4/9
  3298 | D:4      | Found a staircase to the Ecumenical Temple.
  3330 | Temple   | Entered the Ecumenical Temple
  3405 | Temple   | Became a worshipper of Vehumet
  3507 | D:4      | Found a runed translucent door.
  3508 | D:4      | Noticed Crazy Yiuf
  3555 | D:4      | Reached XP level 6. HP: 29/32 MP: 11/11
  3855 | D:4      | Noticed Robin
  3856 | D:4      | Noticed Blork the orc
  3864 | D:4      | Killed Robin
  3869 | D:4      | Killed from afar by Blork the orc

Illustrated notes

Levels and vault maps discovered:
D:1:      lordsloth_arrival_two_stooges, layout_basic
D:2:      layout_loops_ring, grunt_decor_cap, uniq_natasha
D:3:      layout_rooms
D:4:      layout_cave_pods, minmay_temple_entry_statues_fountains,
          uniq_crazy_yiuf_cottage, uniq_robin, uniq_blork_the_orc
Temple:   dpeg_five_rooms_temple

Skill      XL: |  1  2  3  4  5 |
---------------+----------------+-----
Earth Magic    | 4 5 |  5.7
Spellcasting   | 3 |  3.9
Conjurations   | 1 2 |  2.9
Fighting       | |  0.6
Armour         | |  0.9
Dodging        | |  1.7
Stealth        | |  2.1
Transmutations | |  0.7

Action                   |  1- 3 |  4- 6 || total
-------------------------+-------+-------++-------
Melee: Unarmed           |    13 |       ||    13
       Short sword       |    95 |   126 ||   221
 Cast: Sandblast         |    15 |    42 ||    57
       Stone Arrow       |       |     1 ||     1
  Use: Scroll            |       |     3 ||     3
       Potion            |       |     1 ||     1
 Stab: Sleeping          |     5 |       ||     5
  Eat: Chunk             |     2 |     4 ||     6
       Ration            |       |     1 ||     1
Armor: Robe              |    57 |    69 ||   126
Dodge: Dodged            |    69 |    99 ||   168
